 Dungeon Crawl Stone Soup version 0.26-a0-1107-g6118521029 (webtiles) character file.

Game seed: 16108656821151973979

2765 stormannn the Skirmisher (level 9, -5/79 HPs)
             Began as a Ghoul Fighter on Dec 16, 2020.
             Was a Follower of Makhleb.
             Slain by a two-headed ogre
             ... wielding a +0 giant club
              (19 damage)
             ... on level 8 of the Dungeon.
             The game lasted 00:07:53 (7252 turns).

stormannn the Skirmisher (Ghoul Fighter)            Turns: 7252, Time: 00:07:54

Health: -5/79      AC: 14    Str: 23    XL:     9   Next: 69%
Magic:  8/8        EV:  8    Int:  3    God:    Makhleb [*.....]
Gold:   252        SH: 10    Dex:  8    Spells: 8/8 levels left

rFire    + . .     SeeInvis +   v - +4 rapier of Atuj {vorpal, rC+ SInv}
rCold    + + .     Faith    .   c - +0 kite shield
rNeg     + + +     Spirit   .   b - +0 scale mail
rPois    ∞         Reflect  .   K - +2 helmet
rElec    .         Harm     .   o - +0 cloak
rCorr    .         Rampage  .   E - +0 pair of gloves
Will     .....                  l - +0 pair of boots
Stlth    ..........             (no amulet)
HPRegen  0.00/turn              n - ring of protection from fire
MPRegen  0.11/turn              (no ring)

@: no status effects
A: claws 1, cold resistance 1, negative energy resistance 3, inhibited
regeneration, torment resistance, unbreathing
a: Renounce Religion


You were on level 8 of the Dungeon.
You worshipped Makhleb.
Makhleb was aware of your devotion.
You visited 2 branches of the dungeon, and saw 9 of its levels.

You collected 356 gold pieces.
You spent 104 gold pieces at shops.

Inventory:

Hand Weapons
 a - a +0 war axe
 r - a +2 quarterstaff of chaos
 v - the +4 rapier of Atuj (weapon) {vorpal, rC+ SInv}
   (You found it on level 4 of the Dungeon)

   It inflicts extra damage upon your enemies.
   It protects you from cold.
   It lets you see invisible.
Armour
 b - a +0 scale mail (worn)
 c - a +0 kite shield (worn)
 l - a +0 pair of boots (worn)
 o - a +0 cloak (worn)
 E - a +0 pair of gloves (worn)
 K - a +2 helmet (worn)
Jewellery
 n - a ring of protection from fire (left hand)
 D - an uncursed amulet of reflection {unknown}
 H - an uncursed amulet of the acrobat {unknown}
Wands
 m - a wand of paralysis (6)
 y - a wand of iceblast (9)
Scrolls
 e - 3 scrolls of teleportation {unknown}
 f - 2 scrolls of remove curse {unknown}
 g - 5 scrolls of identify {unknown}
 h - 4 scrolls of amnesia {unknown}
 j - a scroll of enchant armour {unknown}
 q - 4 scrolls of enchant weapon {unknown}
 F - a scroll of immolation {unknown}
 G - a scroll of random uselessness {unknown}
 I - a scroll of fog {unknown}
 J - a scroll of magic mapping {unknown}
Potions
 d - 2 potions of might
 i - a potion of ambrosia {unknown}
 k - 2 potions of magic {unknown}
 p - 2 potions of mutation {unknown}
 s - 4 potions of flight {unknown}
 t - a potion of invisibility {unknown}
 u - 3 potions of degeneration {unknown}
 w - a potion of curing
 x - a potion of brilliance {unknown}
 z - a potion of lignification {unknown}
 A - 2 potions of attraction {unknown}
 B - a potion of cancellation {unknown}
 C - 2 potions of haste {unknown}


   Skills:
 + Level 7.1 Fighting
 * Level 6.3 Short Blades
 - Level 4.2 Axes
 + Level 5.9 Armour
 + Level 5.9 Shields


You had 8 spell levels left.
You didn't know any spells.
Your spell library was empty.

Dungeon Overview and Level Annotations

Branches:
Dungeon (8/15)             Temple (1/1) D:5
   Lair: D:8-11

Altars:
Ashenzari
Dithmenos
Fedhas
Hepliaklqana
Kikubaaqudgha
Makhleb
Nemelex Xobeh
Okawaru
Sif Muna
Uskayaw
Yredelemnul
Zin

Shops:
D:4 (!}


Innate Abilities, Weirdness & Mutations

You thrive by killing the living.
You are immune to poison.
You have sharp fingernails.
Your flesh is cold resistant. (rC+)
You are immune to negative energy. (rN+++)
You do not regenerate when monsters are visible.
You are immune to unholy pain and torment.
You can survive without breathing.


Message History

The two-headed ogre hits you with a +0 giant club!!
The two-headed ogre hits you with a +0 giant spiked club.
You puncture the two-headed ogre!
The two-headed ogre is heavily wounded.
You block the two-headed ogre's attack.
The two-headed ogre hits you with a +0 giant spiked club!
You are too injured to fight recklessly!
You are too injured to fight recklessly!
You hit the two-headed ogre.
The two-headed ogre is heavily wounded.
You hit the two-headed ogre.
The two-headed ogre is heavily wounded.
The two-headed ogre hits you with a +0 giant club!
* * * LOW HITPOINT WARNING * * *
The two-headed ogre hits you with a +0 giant spiked club.
* * * LOW HITPOINT WARNING * * *
You hit the two-headed ogre.
The two-headed ogre is heavily wounded.
The two-headed ogre hits you with a +0 giant club!!
You die...

###......#.#..#.....##
###..........#......#
#.....##.#.##........#
..#.######..#.......>##
# #.....#..(..(.......#
#. #.##.............#
#.##..#(.....!......#
..#....)()..........###
.......(####...#@.....#
......(...#....#.O##..#
.............###...# .<
#.........#### ###...
##.#.....## ...#
.......##. ####
#....... .. #.......
..# ........ .#


You could see a two-headed ogre.

Vanquished Creatures
  Harold (D:7)
  Menkaure (D:6)
  Duvessa (D:6)
  An orc warrior (D:7)
  A necrophage (D:7)
  2 phantoms
  An ogre (D:4)
  3 centaurs
  A big kobold (D:8)
  Dowan (D:6)
  A scorpion (D:5)
  2 howler monkeys (D:4)
  A bullfrog zombie (D:5)
  2 centaur zombies
  A jelly (D:7)
  An orc priest (D:7)
  6 hounds
  An orc wizard (D:7)
  Crazy Yiuf (D:2)
  2 iguanas
  4 worker ants
  A hound zombie (D:5)
  A hound skeleton (D:4)
  2 worker ant zombies
  8 gnolls
  5 adders
  A shadow imp (D:4)
  3 white imps
  An ufetubus (D:7)
  5 worms
  3 dart slugs
  6 leopard geckos
  9 orcs
  5 bats
  9 giant cockroaches
  8 goblins
  14 hobgoblins
  8 jackals
  4 quokkas
  3 ball pythons (D:1)
  8 frilled lizards
  14 kobolds
  A quokka skeleton (D:8)
  7 rats
161 creatures vanquished.

Vanquished Creatures (others)
  A human (D:5)
  5 plants (D:4)
6 creatures vanquished.

Grand Total: 167 creatures vanquished

Notes
Turn   | Place    | Note
-------+----------+-------------------------------------------
     0 | D:1      | stormannn the Ghoul Fighter began the quest for the Orb.
     0 | D:1      | Reached XP level 1. HP: 19/19 MP: 0/0
   140 | D:1      | Reached XP level 2. HP: 26/26 MP: 1/1
   662 | D:1      | Reached XP level 3. HP: 28/31 MP: 2/2
  1310 | D:2      | Reached XP level 4. HP: 34/40 MP: 3/3
  1532 | D:2      | Found a runed translucent door.
  1533 | D:2      | Noticed Crazy Yiuf
  1842 | D:2      | Killed Crazy Yiuf
  2144 | D:3      | Reached skill level 4 in Fighting
  2144 | D:3      | Reached XP level 5. HP: 36/46 MP: 4/4
  2629 | D:3      | Found a faded altar of an unknown god.
  3069 | D:4      | Noticed a phantom
  3101 | D:4      | Reached XP level 6. HP: 50/53 MP: 5/5
  3138 | D:4      | Killed a phantom
  3266 | D:4      | Found an ancient bone altar of Kikubaaqudgha.
  3266 | D:4      | Found a shimmering blue altar of Sif Muna.
  3275 | D:4      | Got a polished rapier
  3276 | D:4      | Identified the +4 rapier of Atuj {vorpal, rC+ SInv} (You
                  | found it on level 4 of the Dungeon)
  3289 | D:4      | Reached skill level 1 in Short Blades
  3289 | D:4      | Reached XP level 7. HP: 43/60 MP: 6/6
  3387 | D:4      | Found Juestr Dadi's Distillery.
  3396 | D:4      | Bought a potion of curing for 39 gold pieces
  3396 | D:4      | Bought a potion of heal wounds for 65 gold pieces
  3496 | D:4      | Found Tinoep's Weapon Shoppe.
  3606 | D:4      | Found a basalt altar of Yredelemnul.
  3607 | D:4      | Found a shadowy altar of Dithmenos.
  3799 | D:4      | Found a glowing silver altar of Zin.
  3853 | D:4      | Found Coiddiadu's Gadget Boutique.
  3964 | D:5      | Entered Level 5 of the Dungeon
  4054 | D:5      | Reached skill level 5 in Fighting
  4409 | D:5      | Found a staircase to the Ecumenical Temple.
  4429 | Temple   | Entered the Ecumenical Temple
  4573 | Temple   | Became a worshipper of Makhleb the Destroyer
  4709 | D:5      | Reached XP level 8. HP: 67/68 MP: 7/7
  4954 | D:5      | Found an ancient bone altar of Kikubaaqudgha.
  5369 | D:6      | Noticed Duvessa
  5369 | D:6      | Noticed Dowan
  5384 | D:6      | Killed Duvessa
  5393 | D:6      | Killed Dowan
  5676 | D:6      | Noticed Menkaure
  5681 | D:6      | Killed Menkaure
  6061 | D:7      | Reached skill level 6 in Fighting
  6061 | D:7      | Reached skill level 5 in Armour
  6104 | D:7      | Reached skill level 5 in Shields
  6326 | D:7      | Noticed Harold
  6344 | D:7      | Reached XP level 9. HP: 53/75 MP: 8/8
  6355 | D:7      | Killed Harold
  6356 | D:7      | Reached skill level 5 in Short Blades
  6366 | D:7      | Reached * piety under Makhleb
  6597 | D:7      | Reached skill level 7 in Fighting
  6612 | D:7      | Found an iron altar of Okawaru.
  7243 | D:8      | Noticed a two-headed ogre
  7252 | D:8      | Slain by a two-headed ogre

Illustrated notes

Levels and vault maps discovered:
D:1:      evilmike_arrival_home_sweet_home, layout_loops_ring,
          minmay_misc_feat_hallway, minmay_shallow_snake_nest
D:2:      layout_rooms, uniq_crazy_yiuf_cottage
D:3:      layout_basic, chequers_ecumenical_altar_simple
D:4:      corexii_shack_village, layout_loops_ring,
          nicolae_overflow_hidden_temple,
          chequers_temple_overflow_statue_of_worship, serial_shops,
          nicolae_shop_crystal, nicolae_shop_behind_doors, shop,
          minmay_fountain_box
D:5:      layout_loops_corners, minmay_temple_entry_butterflies,
          portal_sewer_entry_f, minmay_misc_feat_square, corner_web_ring,
          tgw_kikubaaqudgha
D:6:      layout_basic, uniq_menkaure, uniq_duvessa
D:7:      layout_layer_cave, enter_bailey_4, okawaru_metal_pillars_1_2,
          uniq_harold
D:8:      layout_cave_pools, lemuel_doored_altar, serial_shops, shop,
          grunt_dithmenos_smoke_and_mirrors
Temple:   regret_index_temple_waves

Skill      XL: |  1  2  3  4  5  6  7  8  9 |
---------------+----------------------------+-----
Axes           | 2 3 4 |  4.2
Armour         | 3 4 5 |  5.9
Shields        | 3 4 5 |  5.9
Fighting       | 4 5 6 7 |  7.1
Short Blades   | 1 2 4 6 |  6.3

Action                   |  1- 3 |  4- 6 |  7- 9 || total
-------------------------+-------+-------+-------++-------
Melee: War axe           |   151 |   174 |       ||   325
       Rapier            |       |     2 |   344 ||   346
  Use: Potion            |       |       |     2 ||     2
Armor: Scale mail        |    79 |    73 |   185 ||   337
Dodge: Dodged            |    46 |    44 |   143 ||   233
Block: Kite shield       |    88 |    97 |   183 ||   368

Table legend: (Time is in decaauts)
 A = Elapsed time spent in this place.
 B = Non-inter-level travel time spent in this place.
 C = Inter-level travel time spent in this place.
 D = Time resting spent in this place.
 E = Time spent auto-exploring this place.
 F = Levels seen in this place.
 G = Mean time per level.
                   A        B        C        D        E       F      G
               +--------+--------+--------+--------+--------+-----+--------+
         Total |   7444 |   7052 |    392 |   1150 |   4510 |   9 |  827.1 |
       Dungeon |   7276 |   6905 |    371 |   1047 |   4481 |   8 |  909.5 |
        Temple |    167 |    146 |     21 |    103 |     29 |   1 |  167.0 |
               +--------+--------+--------+--------+--------+-----+--------+

Top non-repeatable levels by time:
     D:7: 1488 daAuts
     D:2: 1239 daAuts
     D:5: 1079 daAuts
     D:3: 986 daAuts
     D:4: 945 daAuts
     D:1: 943 daAuts
     D:6: 533 daAuts
  Temple: 167 daAuts
     D:8: 61 daAuts
